 Dungeon Crawl Stone Soup version 0.19-a0-1008-g4c63d25 (webtiles) character file.

10 Implojin the Shield-Bearer (level 2, -3/26 HPs)
             Began as a Minotaur Fighter on July 22, 2016.
             Slain by an ogre
             ... wielding a +0 giant spiked club
              (16 damage)
             ... on level 4 of the Dungeon.
             The game lasted 00:00:56 (183 turns).

Implojin the Shield-Bearer (Minotaur Fighter)        Turns: 183, Time: 00:00:56

Health: -3/26      AC:  5    Str: 20    XL:     2   Next: 10%
Magic:  1/1        EV:  8    Int:  5    God:
Gold:   0          SH:  9    Dex:  9    Spells: 0 memorised, 1 level left

rFire  . . .     SeeInvis .     a - +0 war axe
rCold  . . .     Gourm    .     j - +0 ring mail
rNeg   . . .     Faith    .     c - +0 shield
rPois  .         Spirit   .     (helmet restricted)
rElec  .         Dismiss  .     (no cloak)
rCorr  .         Reflect  .     (no gloves)
SustAt .         Harm     .     (no boots)
MR     .....                    (no amulet)
Stlth  ..........               (no ring)
                                l - ring of wizardry

@: not resistant to hostile enchantments, extremely unstealthy
A: retaliatory headbutt, horns 2
a: no special abilities


You were on level 4 of the Dungeon.
You were not hungry.

You visited 1 branch of the dungeon, and saw 4 of its levels.

Inventory:

Hand Weapons
 a - a +0 war axe (weapon)
Armour
 b - a +0 scale mail
 c - a +0 shield (worn)
 j - a +0 ring mail (worn)
Jewellery
 l - a ring of wizardry (left hand)
Scrolls
 e - 2 scrolls of identify {unknown}
 g - a scroll of fog {unknown}
 i - 2 scrolls of teleportation {unknown}
 k - a scroll of random uselessness {unknown}
Potions
 d - a potion of might
 h - a potion of heal wounds {unknown}
Comestibles
 f - a bread ration


   Skills:
 - Level 3.6 Fighting
 * Level 3.4 Axes
 - Level 3.6 Armour
 - Level 3.6 Shields


You had one spell level left.
You didn't know any spells.

Dungeon Overview and Level Annotations

Branches:
Dungeon (4/15)
 Temple: D:4-7

Altars:
The Shining One

Annotations:
D:3 1 runed door


Innate Abilities, Weirdness & Mutations

You reflexively headbutt those who attack you in melee.
You have a pair of horns on your head.


Message History

You hit the giant cockroach but do no damage.
The giant cockroach is heavily wounded.
The giant cockroach bites you.
* * * LOW HITPOINT WARNING * * *
The giant cockroach bites you but does no damage.
Unknown command.
You closely miss the giant cockroach.
The giant cockroach is heavily wounded.
You block the giant cockroach's attack. x2
You hit the giant cockroach.
You kill the giant cockroach!
A giant gecko comes into view.
The giant gecko hisses angrily.
A kobold comes into view. It is wielding a short sword.
The kobold shouts!
Found an escape hatch in the ceiling.
Found a mace.
Your shield and ring mail prevent you from hitting the giant gecko.
You headbutt the giant gecko.
You kill the giant gecko!
You have reached level 2!
Unknown command.
You slash the kobold!
You kill the kobold!
Found an escape hatch in the floor.
Things that are here:
a short sword; a kobold corpse
There is a stone staircase leading down here.
You climb downwards.
There is a stone staircase leading up here.
Unknown command.
Unknown command.
An ogre comes into view. It is wielding a giant spiked club.
The ogre shouts!
The ogre moves out of view.
You slash the ogre!
The ogre is moderately wounded.
The ogre hits you with a giant spiked club!
Ouch! That really hurt!
You die...

#.# # #.# .#
#.#### .#
#....##.###.#
#............
#........#
###.....#
#......##
#@###..# #O#
#..# ... #.<#
##...#..#
###+####


You could see an ogre.

Vanquished Creatures
  A giant gecko (D:3)
  A giant cockroach (D:3)
  2 goblins
  A bat (D:1)
  3 kobolds
  2 rats (D:1)
10 creatures vanquished.

Notes
Turn   | Place    | Note
-------+----------+-------------------------------------------
     0 | D:1      | Implojin the Minotaur Fighter began the quest for the Orb.
     0 | D:1      | Reached XP level 1. HP: 19/19 MP: 0/0
    81 | D:1      | Reached skill level 3 in Axes
   153 | D:3      | Found a glowing golden altar of the Shining One.
   153 | D:3      | Noticed an angel
   154 | D:3      | Found a runed door.
   165 | D:3      | Reached XP level 2. HP: 11/26 MP: 1/1
   181 | D:4      | Noticed an ogre
   183 | D:4      | Slain by an ogre

Vault maps used:
D:1:      roderic_chinese_lattice_arrival
D:3:      nicolae_ru_sacrificial_ziggurat, led_sif_pool,
          evilmike_ruin_ashenzari, gup_sewer_entry_spiral, kennysheep_doodads,
          lemuel_angel_altar
D:4:      kennysheep_little_box, first_bread, serial_shops, shop

Skill      XL: |  1 |
---------------+----+-----
Axes           | 3 |  3.4
Fighting       | |  3.6
Armour         | |  3.6
Shields        | |  3.6

Action                   || total
-------------------------++-------
Melee: War axe           ||    22
       Headbutt          ||     4
Armor: Scale mail        ||    21
       Ring mail         ||     3
Dodge: Dodged            ||     8
Block: Shield            ||    18

Table legend:
 A = Turns spent in this place as a percentage of turns spent in the entire game.
 B = Non-inter-level travel turns spent in this place as a percentage of non-inter-level travel turns spent in the entire game.
 C = Inter-level travel turns spent in this place as a percentage of turns spent in this place.
 D = Turns resting spent in this place as a percentage of non-inter-level travel turns spent in this place.
 E = Turns spent auto-exploring this place as a percentage of non-inter-level travel turns spent in this place.
 F = Non-inter-level travel turns spent in this place divided by the number of levels of this place that you've seen.
                   A       B       C       D       E      F
               +-------+-------+-------+-------+-------+----------------------
         Total | 100.0 | 100.0 |   0.0 |   0.0 |   0.0 |  45.0
       Dungeon | 100.0 | 100.0 |   0.0 |   0.0 |   0.0 |  45.0
               +-------+-------+-------+-------+-------+----------------------

Table legend:
 A = Kills in this place as a percentage of kills in entire the game.
 B = Kills by you in this place as a percentage of kills by you in the entire game.
 C = Kills by friends in this place as a percentage of kills by friends in the entire game.
 D = Other kills in this place as a percentage of other kills in the entire game.
 E = Experience gained in this place as a percentage of experience gained in the entire game.
 F = Experience gained in this place divided by the number of levels of this place that you have seen.
                   A       B       C       D       E      F
               +-------+-------+-------+-------+-------+----------------------
         Total | 100.0 | 100.0 |  -nan |  -nan | 100.0 |   3.8
       Dungeon | 100.0 | 100.0 |  -nan |  -nan | 100.0 |   3.8
               +-------+-------+-------+-------+-------+----------------------
